 Dungeon Crawl Stone Soup version 0.25.0-26-g0c896c7088 (webtiles) character file.

Game seed: 4337803716367659263

411 xccam the Cutter (level 6, 0/42 HPs)
             Began as an Octopode Assassin on July 2, 2020.
             Slain by an orc wizard
             ... wielding a +0 dagger
              (1 damage)
             ... on level 3 of the Dungeon.
             The game lasted 00:04:08 (3078 turns).

xccam the Cutter (Octopode Assassin)                Turns: 3078, Time: 00:04:08

Health: 0/42       AC:  1    Str:  8 (10) XL:     6   Next: 90%
Magic:  6/6        EV: 14    Int: 11 (14) God:
Gold:   95         SH:  0    Dex: 14 (15) Spells: 5/5 levels left

rFire    . . .     SeeInvis +   a - +2 dagger
rCold    . . .     Gourm    .   (no shield)
rNeg     . . .     Faith    .   (helmet restricted)
rPois    .         Spirit   .   (no amulet)
rElec    .         Reflect  .   k - ring of see invisible
rCorr    +         Harm     .   r - ring of resist corrosion
MR       .....                  (no ring)
Stlth    ++++......             (no ring)
HPRegen  0.14/turn              (no ring)
MPRegen  0.10/turn              (no ring)
                                (no ring)
                                (no ring)

@: no status effects
A: almost no armour, stealthy swim, amphibious, 8 rings, constrict 8, camouflage
1, gelatinous body 1
a: no special abilities


You were on level 3 of the Dungeon.
You were not hungry.

You visited 1 branch of the dungeon, and saw 3 of its levels.
You also visited: Sewer.

You collected 95 gold pieces.

Inventory:

Hand Weapons
 a - a +2 dagger (weapon)
Missiles
 b - 22 poisoned darts (quivered)
 c - 2 curare-tipped darts
Jewellery
 k - a ring of see invisible (left tentacle)
 r - a ring of resist corrosion (right tentacle)
Scrolls
 e - a scroll of immolation {unknown}
 f - 5 scrolls of teleportation {unknown}
 g - 4 scrolls of remove curse {unknown}
 i - 4 scrolls of identify {unknown}
 m - 3 scrolls of fog {unknown}
 n - 3 scrolls of enchant weapon {unknown}
 p - a scroll of blinking {unknown}
Potions
 h - 2 potions of magic
 j - a potion of flight
 o - 3 potions of brilliance {unknown}
 q - a potion of heal wounds {unknown}
Comestibles
 d - 7 rations
 l - a chunk of flesh


   Skills:
 + Level 3.0 Fighting
 + Level 6.3 Short Blades
 - Level 2.0 Throwing
 + Level 2.3 Dodging
 - Level 5.3 Stealth


You had 5 spell levels left.
You didn't know any spells.
Your spell library was empty.

Dungeon Overview and Level Annotations

Branches:
Dungeon (3/15)              Sewer (visited)

Altars:


Innate Abilities, Weirdness & Mutations

You cannot wear most types of armour.
You are very stealthy in the water. (Stealth+)
You are amphibious.
You can wear up to eight rings at the same time.
You can use your tentacles to constrict eight enemies at once.
Your skin changes colour to match your surroundings (Stealth+).
Your rubbery body absorbs attacks. (AC +1, EV +1)


Message History

You hit the orc wizard. Your squeeze misses the orc wizard.
The orc wizard is heavily wounded.
The orc wizard hits you with a +0 dagger.
* * * LOW HITPOINT WARNING * * *
You hit the orc wizard.
The orc wizard is severely wounded.
You hit the orc wizard but do no damage.
The orc wizard is severely wounded.
The orc wizard closely misses you.
You bump into the rock wall.
You feel less confused.
The orc wizard points at you and mumbles some strange words.
The magic dart hits you!
* * * LOW HITPOINT WARNING * * *
Okay, then.
You completely miss the orc wizard. You grab the orc wizard.
The orc wizard is severely wounded.
You constrict the orc wizard.
The orc wizard hits you with a +0 dagger.
You die...

###
#.#####
#.....#
#.##.##
#@##.#
#o##.#
#)##.#
#.##.#
#.#..#
#.#..#
..#.##
###.#
#.#


You could see an orc wizard (invisible).

Vanquished Creatures
  3 big kobolds (Sewer)
  Natasha (thrice) (D:2)
  2 adders
  2 river rats (Sewer)
  5 oozes
  4 worms
  A dart slug (D:2)
  2 leopard geckos (D:1)
  3 orcs (D:3)
  2 ball pythons
  4 giant cockroaches
  2 goblins (D:1)
  8 hobgoblins
  4 jackals (D:1)
  6 bats
  2 frilled lizards
  12 kobolds
  11 rats
76 creatures vanquished.

Notes
Turn   | Place    | Note
-------+----------+-------------------------------------------
     0 | D:1      | xccam the Octopode Assassin began the quest for the Orb.
     0 | D:1      | Reached XP level 1. HP: 14/14 MP: 1/1
   125 | D:1      | Reached XP level 2. HP: 10/19 MP: 2/2
   135 | D:1      | Reached skill level 3 in Short Blades
   608 | D:1      | Reached XP level 3. HP: 24/24 MP: 3/3
  1151 | D:2      | Reached skill level 4 in Short Blades
  1449 | D:2      | Noticed Natasha
  1451 | D:2      | Reached XP level 4. HP: 29/29 MP: 4/4
  1463 | D:2      | Killed Natasha
  1855 | D:2      | Noticed Natasha
  1866 | D:2      | Killed Natasha
  1903 | D:2      | Noticed Natasha
  1910 | D:2      | Killed Natasha
  1910 | D:2      | Reached skill level 5 in Short Blades
  1910 | D:2      | Reached XP level 5. HP: 21/34 MP: 5/5
  1932 | D:3      | Found a glowing drain.
  1975 | Sewer    | Entered a sewer
  2193 | Sewer    | Noticed a big kobold
  2208 | Sewer    | Killed a big kobold
  2208 | Sewer    | Reached skill level 6 in Short Blades
  2208 | Sewer    | Reached XP level 6. HP: 3/39 MP: 6/6
  2221 | Sewer    | HP: 1/39 [poisoned by a kobold]
  3077 | D:3      | HP: 1/42 [orc wizard/magic dart (7)]
  3078 | D:3      | Slain by an orc wizard

Illustrated notes

Levels and vault maps discovered:
D:1:      shiori_arrival_oz, layout_basic, minmay_misc_feat_secret_circle
D:2:      layout_basic, first_ration, uniq_natasha
D:3:      layout_basic, cheibrodos_sewer_entry_drain,
          chequers_ecumenical_altar_lobes

Skill      XL: |  1  2  3  4  5  6 |
---------------+-------------------+-----
Short Blades   | 3 4 5 6 |  6.3
Dodging        | 2 |  2.3
Fighting       | 3 |  3.0
Throwing       | |  2.0
Stealth        | |  5.3

Action                   |  1- 3 |  4- 6 || total
-------------------------+-------+-------++-------
Melee: Dagger            |    80 |   112 ||   192
       Constrict         |    18 |    23 ||    41
       Tentacles         |    10 |    19 ||    29
  Use: Potion            |       |     5 ||     5
 Stab: Sleeping          |    14 |     9 ||    23
  Eat: Chunk             |     1 |     6 ||     7
Armor: Skin              |     1 |     4 ||     5
Dodge: Dodged            |    40 |    48 ||    88
